 Dungeon Crawl Stone Soup version 0.27-a0-1144-g0b7d3b79db (webtiles) character file.

Game seed: 2489586966385844527

513 kae the Slasher (level 7, -1/55 HPs)
             Began as a Demonspawn Abyssal Knight on May 10, 2021.
             Was a Believer of Lugonu.
             Succumbed to a gnoll's poison
             ... on level 3 of the Dungeon.
             The game lasted 00:04:01 (5450 turns).

kae the Slasher (Demonspawn Abyssal Knight)         Turns: 5450, Time: 00:04:02

Health: -1/55      AC:  5    Str: 15    XL:     7   Next: 0%
Magic:  10/10      EV: 10    Int: 13    God:    Lugonu [**....]
Gold:   149        SH:  0    Dex: 12    Spells: 6/6 levels left

rFire    . . .     SeeInvis +   a - +2 falchion
rCold    . . .     Faith    .   (no shield)
rNeg     . . .     Spirit   .   g - +0 ring mail
rPois    .         Reflect  .   (no helmet)
rElec    .         Harm     .   (no cloak)
rCorr    .         Rampage  .   (no gloves)
Will     .....                  (no boots)
Stlth    +.........             (no amulet)
HPRegen  0.18/turn              e - ring of see invisible
MPRegen  0.24/turn              (no ring)

@: lethally poisoned (-1 -> -16)
A: hooves 1, magic regeneration
a: Renounce Religion, Depart the Abyss, Bend Space


You were on level 3 of the Dungeon.
You worshipped Lugonu.
Lugonu was pleased with you.
You visited 1 branch of the dungeon, and saw 4 of its levels.
You visited the Abyss 1 time.

You collected 149 gold pieces.

Inventory:

Hand Weapons
 a - a +2 falchion (weapon)
Armour
 b - a +1 leather armour
 g - a +0 ring mail (worn)
Jewellery
 e - a ring of see invisible (left hand)
Scrolls
 d - a scroll of amnesia
Potions
 c - 4 potions of curing
 f - a potion of flight {unknown}
 h - a potion of attraction {unknown}
 i - a potion of degeneration {unknown}
 j - a potion of lignification {unknown}


   Skills:
 + Level 4.9 Fighting
 * Level 5.4 Long Blades
 - Level 1.7 Armour
 - Level 0.8 Dodging
 - Level 4.0 Invocations


You had 6 spell levels left.
You didn't know any spells.
Your spell library contained the following spells:

 Spells                   Type           Power      Damage    Failure   Level
 Magic Dart               Conj           0%         1d3       52%         1
 Searing Ray              Conj           0%         3d3       65%         2
 Confusing Touch          Hex            0%         N/A       87%         3
 Dazzling Flash           Conj/Hex       0%         N/A       87%         3
 Gell's Gravitas          Tloc           0%         N/A       87%         3
 Fulminant Prism          Conj/Hex       0%         3d6       99%         4
 Iskenderun's Mystic Bla  Conj/Tloc      0%         2d3       99%         4
 Petrify                  Tmut/Erth      0%         N/A       99%         4
 Metabolic Englaciation   Hex/Ice        0%         N/A       100%        5
 Yara's Violent Unravell  Hex/Tmut       0%         3d3       100%        5


Dungeon Overview and Level Annotations

Branches:
Dungeon (4/15)
 Temple: D:4-7

Altars:
Vehumet


Innate Abilities, Weirdness & Mutations

You have large cloven feet.
You regenerate magic rapidly.


Message History

There is a stone staircase leading down, spattered with blood here.
You climb downwards.
A gnoll comes into view. It is wielding a +1 spear of venom.
The gnoll shouts!
The gnoll hits you from afar with a +1 spear of venom.
You are poisoned.
There is a stone staircase leading up, spattered with blood here.
A gnoll is nearby!
A gnoll is nearby!
You feel sick.
The gnoll hits you with a +1 spear of venom.
You are more poisoned.
You hit the gnoll. You kick the gnoll.
The gnoll is heavily wounded.
You feel very sick. The gnoll hits you but does no damage.
You hit the gnoll. You kick the gnoll.
The gnoll is almost dead.
You feel very sick.
The gnoll hits you with a +1 spear of venom.
You are more poisoned.
You barely miss the gnoll. You kick the gnoll, but do no damage.
The gnoll is almost dead.
You feel very sick.
The gnoll hits you with a +1 spear of venom!
You are more poisoned.
You are too injured to fight recklessly!
You hit the gnoll but do no damage. You kick the gnoll.
You kill the gnoll!
Lugonu accepts your kill.
* * * LOW HITPOINT WARNING * * *
You feel extremely sick.
You have reached level 7!
* * * LOW HITPOINT WARNING * * *
You feel very sick.
There is a stone staircase leading up, spattered with blood here.
* * * LOW HITPOINT WARNING * * *
You feel very sick.
You climb upwards.
You die...

## .## #.## ##.# ##.#
###############
##.######......)@).)..#
#...........#########.#
.#.####.###.# #.#
##.###(####### ### #.#
.###.###.###.###.####.#
..#.#.#.#.#.#.#.#.....#
..#.#.#)#.#.#.#.#..#..#
##.###.###.###.###....#
#### ##############...#


There were no monsters in sight!

Vanquished Creatures
  2 necrophages (D:4)
  A phantom (D:3)
  A gnoll shaman (D:3)
  Jessica (D:1)
  2 orc wizards (D:3)
  A hound skeleton (D:4)
  3 gnolls
  3 adders
  A worm (D:3)
  3 dart slugs
  5 orcs
  12 endoplasms
  9 goblins
  4 hobgoblins
  A jackal (D:4)
  8 kobolds
  4 quokkas
  6 ball pythons
  5 bats
  4 frilled lizards
  7 rats
83 creatures vanquished.

Vanquished Creatures (others)
  A plant (D:1)
1 creature vanquished.

Grand Total: 84 creatures vanquished

Notes
Turn   | Place    | Note
-------+----------+-------------------------------------------
     0 | Abyss:1  | kae the Demonspawn Abyssal Knight began the quest for the
                  | Orb.
     0 | Abyss:1  | Reached XP level 1. HP: 18/18 MP: 2/2
    53 | Abyss:1  | Noticed a hellwing
    56 | D:1      | Escaped the Abyss
   162 | D:1      | Reached * piety under Lugonu
   163 | D:1      | Reached skill level 2 in Long Blades
   468 | D:1      | Gained mutation: You regenerate magic rapidly. [demonic
                  | ancestry]
   468 | D:1      | Reached XP level 2. HP: 24/24 MP: 3/3
   900 | D:1      | Found a faded altar of an unknown god.
  1144 | D:1      | Reached XP level 3. HP: 27/29 MP: 4/4
  1248 | D:1      | Reached skill level 3 in Long Blades
  1617 | D:2      | Noticed Jessica
  1672 | D:2      | Reached ** piety under Lugonu
  1938 | D:1      | Killed Jessica
  1939 | D:1      | Gained mutation: You have large cloven feet. [demonic
                  | ancestry]
  1939 | D:1      | Reached XP level 4. HP: 37/37 MP: 5/5
  1949 | D:2      | Found a radiant altar of Vehumet.
  3326 | D:4      | Noticed an ogre
  3442 | D:3      | Reached skill level 4 in Long Blades
  3442 | D:3      | Reached XP level 5. HP: 35/42 MP: 7/7
  4717 | D:4      | Noticed a necrophage
  4731 | D:4      | Killed a necrophage
  4732 | D:4      | Reached XP level 6. HP: 14/47 MP: 9/9
  5019 | D:4      | Reached skill level 5 in Long Blades
  5448 | D:4      | Reached XP level 7. HP: 12/55 MP: 10/10
  5450 | D:3      | Succumbed to a gnoll's poison

Illustrated notes

Levels and vault maps discovered:
D:1:      onia_arrival_handbag, layout_basic,
          shapermc_ecumenical_altar_mp_urbaneastern, serial_forest,
          infiniplex_forest_clump_curved, infiniplex_forest_clump_diagonal,
          infiniplex_forest_clump_C, infiniplex_forest_side_room,
          infiniplex_forest_diagonal, chequers_serial_rivers_small_b
D:2:      layout_rooms, basic_altar, st_stairs_14, uniq_jessica
D:3:      layout_loops_ring, grunt_decor_resistance, nrook_uturn
D:4:      layout_rooms

Skill      XL: |  1  2  3  4  5  6 |
---------------+-------------------+-----
Long Blades    | 2 3 4 5 |  5.4
Fighting       | 4 |  4.9
Invocations    | 3 4 |  4.0
Armour         | |  1.7
Dodging        | |  0.8

Action                   |  1- 3 |  4- 6 |  7- 9 || total
-------------------------+-------+-------+-------++-------
Melee: Falchion          |   106 |   159 |       ||   265
       Kick              |       |    55 |       ||    55
Invok: Depart the Abyss  |     1 |       |       ||     1
       Bend Space        |       |     4 |       ||     4
  Use: Scroll            |     1 |     4 |       ||     5
       Potion            |       |     1 |       ||     1
Armor: Leather armour    |    41 |     1 |       ||    42
       Ring mail         |       |    41 |       ||    41
Dodge: Dodged            |    73 |    76 |       ||   149
       Rpst.: Falchion   |    17 |    20 |       ||    37

Table legend: (Time is in decaauts)
 A = Elapsed time spent in this place.
 B = Non-inter-level travel time spent in this place.
 C = Inter-level travel time spent in this place.
 D = Time resting spent in this place.
 E = Time spent auto-exploring this place.
 F = Levels seen in this place.
 G = Mean time per level.
                   A        B        C        D        E       F      G
               +--------+--------+--------+--------+--------+-----+--------+
         Total |   5493 |   5233 |    260 |   1582 |   2867 |   5 | 1098.6 |
       Dungeon |   5437 |   5177 |    260 |   1582 |   2816 |   4 | 1359.2 |
         Abyss |     56 |     56 |      0 |      0 |     51 |   1 |   56.0 |
               +--------+--------+--------+--------+--------+-----+--------+

Top non-repeatable levels by time:
     D:3: 2231 daAuts
     D:1: 1618 daAuts
     D:2: 1255 daAuts
     D:4: 332 daAuts
 Abyss:1: 56 daAuts
